 Dungeon Sprint DCSS version 0.30.1-4-g462c640d31 (webtiles) character file.

Game seed: 1291931121770192626

3788 Heoruswealwe the Severer (level 10, -7/101 HPs)
             Began as a Hill Orc Fighter on Aug 24, 2023.
             Was a Priest of the Shining One.
             Succumbed to a redback's poison
             ... in the Dungeon (Sprint I: "Red Sonja").
             The game lasted 00:06:24 (1228 turns).

Heoruswealwe the Severer (Hill Orc Fighter)         Turns: 1228, Time: 00:06:25

Health: -7/101     AC:  9    Str: 24    XL:     10   Next: 16%
Magic:  20/20      EV:  9    Int:  8    God:    the Shining One [***...]
Gold:   698        SH:  4    Dex: 10    Spells: 9/9 levels left

rFire   . . .        a - +0 war axe
rCold   . . .        d - +0 buckler
rNeg    + . .        c - +0 scale mail
rPois   .            (no helmet)
rElec   .            (no cloak)
rCorr   .            (no gloves)
SInv    .            (no boots)
Will    .....        (no amulet) Stlth
                     (no ring)
HPRegen 0.36/turn    (no ring)
MPRegen 0.17/turn

%: no teleportation
@: lethally poisoned (-7 -> -60), glowing
A: no striking features
a: Renounce Religion, Divine Shield, Cleansing Flame


You were in the Dungeon.
You worshipped the Shining One.
The Shining One was most pleased with you.
You visited 1 branch You collected 698 gold pieces.

Inventory:

Hand Weapons
 a - a +0 war axe (weapon)
Armour
 c - a +0 scale mail (worn)
 d - a +0 buckler (worn)
Wands
 k - a wand of digging (4)
Scrolls
 h - 3 scrolls of identify {unknown}
 j - a scroll of blinking
Potions
 b - a potion of might
 f - a potion of flight {unknown}


   Skills:
 + Level 13.0 Fighting
 * Level 18.8 Axes
 + Level 12.0 Armour
 - Level 3.2 Shields
 + Level 13.5 Invocations


You had 9 spell levels left.
You didn't know any spells.
Your spell library was empty.

Dungeon Overview and Level Annotations

Branches:
Dungeon (1/1)

Altars:
Cheibriados
Dithmenos
Elyvilon
Fedhas
Gozag
Hepliaklqana
Kikubaaqudgha
Makhleb
Nemelex Xobeh
Okawaru
Qazlal
Ru
Sif Muna
Trog
Uskayaw
Vehumet
Wu Jian
Xom
Yredelemnul
Zin
The Shining One
Jiyva
Lugonu

Shops:
D ![


Message History

The redback bites you.
You are lethally poisoned!
The redback poisons you! The redback barely misses you.
You slice the redback!!
The redback is almost dead.
You slash the redback!
You feel extremely sick. The redback closely misses you.
The redback barely misses you.
You hit the redback.
You kill the redback!
You hit the redback but do no damage.
You feel extremely sick. The redback bites you.
You hit the redback but do no damage.
The redback is heavily wounded.
You feel extremely sick.
The redback bites you but does no damage.
You barely miss the redback.
The redback is heavily wounded.
You feel extremely sick. The redback barely misses you.
You feel better. The redback bites you.
You are lethally poisoned!
The redback poisons you! The redback bites you!
* * * LOW HITPOINT WARNING * * *
You are more poisoned.
The redback poisons you!
You slash the redback!
The redback is severely wounded.
* * * LOW HITPOINT WARNING * * *
You feel extremely sick.
The redback bites you but does no damage.
You slash the redback!
You kill the redback!
* * * LOW HITPOINT WARNING * * *
You feel extremely sick.
Your Fighting skill increases to level 13!
Your Armour skill increases to level 12!
Okay, then.
You die...

..#..'..#__#..')..#
..').#..'..'..#)..#
#'#####'#__####...+
..#...#.####§.#####
###..##.#~~~.§#..#
__##'#_.+§~§§.+..#
...÷..._#~~§.§#..#
__##_.#'##+#####'###
__###+#[#.)..###@'$#
### ####'###.###$#
+..[..'.∩# §#
########## §# .# $#
§# §#


There were no monsters in sight!

Vanquished Creatures
  2 centaur warriors (D)
  A deep troll (D)
  An oklob plant (D)
  2 kobold demonologists (D)
  A hornet (D)
  A slime creature (D)
  Sigmund (D)
  A yak (D)
  2 redbacks (D)
  A floating eye (D)
  An ogre (D)
  A jelly (D)
  Ijyb (D)
16 creatures vanquished.

Notes
Turn   | Place    | Note
-------+----------+-------------------------------------------
     0 | D        | Heoruswealwe the Hill Orc Fighter began the quest for the
                  | Orb.
     0 | D        | Reached XP level 1. HP: 19/19 MP: 1/1
     1 | D        | Noticed Ijyb
    14 | D        | Killed Ijyb
    15 | D        | Reached skill level 5 in Axes
    15 | D        | Reached XP level 2. HP: 28/28 MP: 1/4
    15 | D        | Reached XP level 3. HP: 34/34 MP: 1/5
    38 | D        | Noticed an ogre
    44 | D        | Killed an ogre
    45 | D        | Reached skill level 8 in Axes
    45 | D        | Reached skill level 5 in Armour
    45 | D        | Reached skill level 5 in Invocations
    45 | D        | Reached XP level 4. HP: 24/44 MP: 3/7
   119 | D        | Noticed Sigmund
   129 | D        | Killed Sigmund
   130 | D        | Reached skill level 10 in Axes
   130 | D        | Reached XP level 5. HP: 23/52 MP: 7/10
   130 | D        | Reached XP level 6. HP: 26/60 MP: 7/11
   242 | D        | Found an ornate altar of the Wu Jian Council.
   242 | D        | Found a shimmering blue altar of Sif Muna.
   244 | D        | Found a radiant altar of Vehumet.
   274 | D        | Found Bexotec's Distillery.
   274 | D        | Found an ancient bone altar of Kikubaaqudgha.
   274 | D        | Found a hazy altar of Hepliaklqana.
   274 | D        | Found a stormy altar of Qazlal.
   274 | D        | Found a hide-covered altar of Uskayaw.
   274 | D        | Found a blossoming altar of Fedhas.
   274 | D        | Found a bloodstained altar of Trog.
   274 | D        | Found an iron altar of Okawaru.
   274 | D        | Found a basalt altar of Yredelemnul.
   274 | D        | Found a glowing golden altar of the Shining One.
   274 | D        | Found a snail-covered altar of Cheibriados.
   274 | D        | Found a sacrificial altar of Ru.
   274 | D        | Found a glowing silver altar of Zin.
   274 | D        | Found a shadowy altar of Dithmenos.
   274 | D        | Found a white marble altar of Elyvilon.
   274 | D        | Noticed a yak
   277 | D        | Killed a yak
   278 | D        | Reached skill level 12 in Axes
   278 | D        | Reached XP level 7. HP: 37/69 MP: 11/13
   278 | D        | Found an opulent altar of Gozag.
   279 | D        | Found a sparkling altar of Nemelex Xobeh.
   285 | D        | Became a worshipper of the Shining One
   381 | D        | Found a burning altar of Makhleb.
   381 | D        | Found a viscous altar of Jiyva.
   381 | D        | Found a shimmering altar of Xom.
   381 | D        | Found a corrupted altar of Lugonu.
   381 | D        | Noticed a slime creature
   389 | D        | Killed a slime creature
   390 | D        | Reached skill level 13 in Axes
   535 | D        | Noticed a kobold demonologist
   535 | D        | Reached * piety under the Shining One
   535 | D        | Noticed a kobold demonologist
   542 | D        | Killed a kobold demonologist
   542 | D        | Reached ** piety under the Shining One
   543 | D        | Reached skill level 10 in Fighting
   543 | D        | Reached skill level 14 in Axes
   543 | D        | Reached skill level 10 in Invocations
   543 | D        | Reached XP level 8. HP: 79/79 MP: 13/15
   545 | D        | Killed a kobold demonologist
   546 | D        | Reached skill level 15 in Axes
   558 | D        | Noticed a centaur warrior
   559 | D        | Noticed a centaur warrior
   569 | D        | Killed a centaur warrior
   570 | D        | Reached skill level 16 in Axes
   570 | D        | Reached skill level 10 in Armour
   570 | D        | Reached XP level 9. HP: 18/89 MP: 15/17
   570 | D        | Killed a centaur warrior
   571 | D        | Reached skill level 17 in Axes
   783 | D        | Noticed a deep troll
   787 | D        | Killed a deep troll
   788 | D        | Reached skill level 18 in Axes
   802 | D        | Found Xomeluts's Armour Emporium.
   827 | D        | Noticed a hornet
   827 | D        | Reached *** piety under the Shining One
   837 | D        | Killed a hornet
  1037 | D        | Noticed an oklob plant
  1049 | D        | Killed an oklob plant
  1050 | D        | Reached XP level 10. HP: 41/100 MP: 19/19
  1227 | D        | HP: 4/100 [poisoned by a redback]
  1228 | D        | Succumbed to a redback's poison

Illustrated notes

Levels and vault maps discovered:
D:        dungeon_sprint_1 [red_sonja_temple_1, red_sonja_temple_small_1]

Skill      XL: |  1  2  3  4  5  6  7  8  9 10 |
---------------+-------------------------------+-----
Fighting       | 4 6 7 8 10 11 12 13 | 13.0
Axes           | 5 8 10 12 14 16 18 | 18.8
Armour         | 4 5 6 7 9 10 11 12 | 12.0
Invocations    | 3 5 7 8 10 11 13 | 13.5
Shields        | |  3.2

Action                     |  1- 3 |  4- 6 |  7- 9 | 10-12 || total
---------------------------+-------+-------+-------+-------++-------
  Melee: War axe           |    17 |    15 |    44 |    12 ||    88
  Evoke: Wand              |     1 |       |       |       ||     1
    Use: Potion            |       |       |     5 |     1 ||     6
 Armour: Scale mail        |     6 |       |    17 |     4 ||    27
  Dodge: Dodged            |     6 |     4 |     7 |     9 ||    26
  Block: Buckler           |     4 |       |     6 |       ||    10
